 Dungeon Crawl Stone Soup version 0.25-a0-942-g87a53962fc (webtiles) character file.

Game seed: 17298838880047915330, levelgen mode: classic

10327 Amnesiac the Nimble (level 11, -3/57 HPs)
             Began as a Deep Elf Wizard on May 6, 2020.
             Was a High Priest of Vehumet.
             Slain by an elephant (18 damage)
             ... on level 11 of the Dungeon.
             The game lasted 00:47:49 (18358 turns).

Amnesiac the Nimble (Deep Elf Wizard)              Turns: 18358, Time: 00:47:49

Health: -3/57      AC:  4    Str:  4    XL:     11   Next: 34%
Magic:  0/23       EV: 21    Int: 27    God:    Vehumet [*****.]
Gold:   556        SH:  5    Dex: 13    Spells: 6/24 levels left

rFire    + . .     SeeInvis .   a - +0 hand crossbow
rCold    . . .     Gourm    .   f - +0 buckler
rNeg     . . .     Faith    .   h - +0 robe
rPois    .         Spirit   +   k - +0 helmet
rElec    .         Reflect  .   n - scarf {Spirit}
rCorr    +         Harm     .   C - +0 pair of gloves
MR       +....     Clarity  +   (no boots)
Stlth    ++........             B - amulet of rage
HPRegen  0.19/turn              w - ring of resist corrosion
MPRegen  0.18/turn              u - ring of protection from fire

@: very slightly contaminated
A: clarity, frail 1, sense surroundings 1, MP-powered wands
a: Renounce Religion, Evoke Berserk Rage


You were on level 11 of the Dungeon.
You worshipped Vehumet.
Vehumet was extremely pleased with you.
You were not hungry.

You visited 2 branches of the dungeon, and saw 12 of its levels.
You also visited: Sewer.

You collected 594 gold pieces.
You spent 38 gold pieces at shops.

Inventory:

Hand Weapons
 a - a +0 hand crossbow (weapon)
 b - a +0 hunting sling
 D - a +3 vorpal spear
 O - a +1 dagger of venom
Missiles
 x - 2 bolts (quivered)
 y - 359 stones
 M - 9 sling bullets
Armour
 f - a +0 buckler (worn)
 h - a +0 robe (worn)
 i - a +3 kite shield
 k - a +0 helmet (worn)
 n - a scarf of spirit shield (worn)
 C - a +0 pair of gloves (worn)
Magical Staves
 N - an uncursed staff of cold
Jewellery
 p - an uncursed ring of fire
 u - a ring of protection from fire (right hand)
 w - a ring of resist corrosion (left hand)
 B - an amulet of rage (around neck)
Wands
 j - a wand of paralysis (12)
 F - a wand of enslavement (11)
 G - a wand of digging (12)
 H - a wand of random effects (5)
 J - a wand of polymorph (8)
Scrolls
 e - 4 scrolls of amnesia {!r}
 l - 7 scrolls of teleportation {!r}
 q - 3 scrolls of fear {!r}
 r - 3 scrolls of blinking {!r}
 s - 5 scrolls of identify {!r}
 A - a scroll of remove curse {!r}
 I - a scroll of magic mapping {!r}
Potions
 c - a potion of heal wounds {!q}
 g - 3 potions of haste {!q}
 o - 3 potions of flight {!q}
 t - 3 potions of cancellation {!q}
 v - 3 potions of might {!q}
 z - a potion of curing {!q}
 K - a potion of berserk rage {!q, unknown}
 L - a potion of mutation {!q}
Comestibles
 d - 17 rations


   Skills:
 - Level 5.3 Fighting
 - Level 14.0 Dodging
 - Level 3.0 Stealth
 - Level 4.0 Shields
 + Level 7.2 Spellcasting
 - Level 5.0 Conjurations
 - Level 1.1 Summonings
 - Level 1.1 Translocations
 * Level 8.4 Earth Magic
 - Level 3.0 Evocations


You had 6 spell levels left.
You knew the following spells:

 Your Spells              Type           Power        Failure   Level  Hunger
a - Magic Dart            Conj           ####         1%          1    None
b - Call Imp              Summ           ###.....     5%          2    None
c - Passwall              Tmut/Erth      ####....     1%          2    None
d - Lee's Rapid Deconstr  Erth           ######....   1%          5    #####..
e - Mephitic Cloud        Conj/Pois/Air  ###.....     2%          3    None
s - Conjure Flame         Conj/Fire      ###.....     1%          3    None
v - Blink                 Tloc           N/A          5%          2    None

Your spell library contained the following spells:

 Spells                   Type           Power        Failure   Level  Hunger
 Iron Shot                Conj/Erth      #####.....   16%         6    ######.
 Sandblast                Erth           ######       1%          1    None
 Stone Arrow              Conj/Erth      #####.       1%          3    None
 Slow                     Hex            #.......     9%          2    None
 Petrify                  Tmut/Erth      ####....     10%         4    ##.....
 Summon Lightning Spire   Summ/Air       ##......     41%         4    ##.....
 Conjure Ball Lightning   Conj/Air       ###.......   58%         6    ######.
 Silence                  Hex/Air        #.........   85%         5    #####..
 Tornado                  Air            #.........   100%        9    #######


Dungeon Overview and Level Annotations

Branches:
Dungeon (11/15)            Temple (1/1) D:4             Orc (0/2) D:9
  Sewer (visited)
   Lair: D:8-11

Altars:
Ashenzari
Cheibriados
Fedhas
Gozag
Hepliaklqana
Nemelex Xobeh
Okawaru
Qazlal
Ru
Trog
Uskayaw
Vehumet
Wu Jian
Zin
The Shining One

Shops:
D:5 *   D:9 %   D:10 :

Annotations:
D:3 exclusion: moth of wrath
D:5 1 exclusion


Innate Abilities, Weirdness & Mutations

You possess an exceptional clarity of mind.
You are frail. (-10% HP)
You passively map a small area around you.
You expend magic power (3 MP) to strengthen your wands.


Message History

The elephant is lightly wounded.
Casting: Magic Dart (safe; 1% risk of failure)
Confirm with . or Enter, or press ? or * to list all spells.
Aiming: Magic Dart (safe; 1% risk of failure)
Press: ? - help, Shift-Dir - straight line, f/p - elephant
Aim: an elephant (lightly wounded)
The magic dart hits the elephant but does no damage.
The elephant is lightly wounded.
Firing (i - inventory. (/) - cycle)
x - 5 bolts (quivered)
Press: ? - help, Shift-Dir - straight line, f/p - elephant
Aim: an elephant (lightly wounded)
You shoot a bolt. The bolt hits the elephant!
The elephant is lightly wounded.
Casting: Magic Dart (safe; 1% risk of failure)
Confirm with . or Enter, or press ? or * to list all spells.
Aiming: Magic Dart (safe; 1% risk of failure)
Press: ? - help, Shift-Dir - straight line, f/p - elephant
Aim: an elephant (lightly wounded)
The magic dart hits the elephant.
The elephant is moderately wounded.
The elephant misses you. The elephant trunk-slaps you.
Firing (i - inventory. (/) - cycle)
x - 4 bolts (quivered)
Press: ? - help, Shift-Dir - straight line, f/p - elephant
Aim: an elephant (moderately wounded)
You shoot a bolt. The bolt hits the elephant.
The elephant is moderately wounded.
The elephant tramples you!
You stumble backwards!
The elephant misses you. The elephant barely misses you.
Casting: Magic Dart (safe; 1% risk of failure)
Confirm with . or Enter, or press ? or * to list all spells.
Aiming: Magic Dart (safe; 1% risk of failure)
Press: ? - help, Shift-Dir - straight line, f/p - elephant
Aim: an elephant (moderately wounded)
The magic dart hits the elephant!
The elephant is moderately wounded.
The elephant tramples you!
You stumble backwards!
Firing (i - inventory. (/) - cycle)
x - 3 bolts (quivered)
Press: ? - help, Shift-Dir - straight line, f/p - elephant
Aim: an elephant (moderately wounded)
You shoot a bolt. The bolt hits the elephant.
The elephant is heavily wounded.
The elephant misses you. The elephant completely misses you.
Casting: Magic Dart (safe; 1% risk of failure)
Confirm with . or Enter, or press ? or * to list all spells.
The fire begins to smolder!
The elephant tramples you!
* * * LOW HITPOINT WARNING * * *
You stumble backwards!
Evoke which item? (* to show all) (? for menu, Esc to quit)
Aiming: Paralyse
Press: ? - help, Shift-Dir - straight line, f/p - elephant
Aim: an elephant (smoldering embers, moderately wounded, chance to defeat MR: 27%)
You feel a surge of power!
The elephant easily resists.
The elephant tramples you!
* * * LOW HITPOINT WARNING * * *
You stumble backwards!
The fire ignites!
Casting: Conjure Flame (safe; 1% risk of failure)
Confirm with . or Enter, or press ? or * to list all spells.
You miscast Blink.
You are very lightly contaminated with residual magic.
Nothing appears to happen.
The elephant closely misses you.
The elephant trunk-slaps you but does no damage.
The elephant completely misses you. x2
The elephant tramples you!!
You die...

* . ########### .(.,,
###....@....#
.....#####('(....Y...#
**
(....((..(.#.........#
,
.....#######.........#
* .(. , #....ยง....# (
, * #.........#
#.........+, ,
#.........# ,,
#.........#


You could see an elephant.

Vanquished Creatures
  Josephine (D:10)
  Harold (D:7)
  A two-headed ogre (D:11)
  Pikel (D:7)
  A deep elf mage (D:11)
  A troll (D:8)
  A hornet (D:10)
  Grinder (D:6)
  4 wraiths (D:10)
  A shadow (D:11)
  A vampire (D:10)
  Eustachio (D:4)
  2 hungry ghosts
  Menkaure (D:6)
  2 orc warriors
  2 sky beasts
  A slave (D:7)
  2 black bears
  3 phantoms
  7 ogres
  3 centaurs
  A crocodile (D:11)
  A big kobold (Sewer)
  8 bullfrogs
  4 gnoll sergeants
  Blork the orc (D:5)
  2 scorpions
  A water moccasin skeleton (D:8)
  3 troll zombies (D:9)
  8 killer bees
  5 howler monkeys
  2 crimson imps
  A bullfrog zombie (D:5)
  2 hounds
  2 centaur zombies
  A jelly (D:2)
  8 orc priests
  2 bullfrog skeletons
  A gnoll shaman (D:6)
  12 orc wizards
  Crazy Yiuf (D:7)
  2 centaur skeletons
  4 iguanas
  Terence (D:2)
  11 worker ants
  5 ogre zombies (D:9)
  A hound skeleton (D:3)
  Robin (D:2)
  15 gnolls
  A river rat (Sewer)
  10 adders
  3 shadow imps
  9 oozes (D:2)
  A worm (D:2)
  4 dart slugs
  10 leopard geckos
  27 orcs
  9 giant cockroaches
  9 goblins
  3 hobgoblins
  12 jackals
  5 quokkas
  3 ball pythons
  A ball python skeleton (D:5)
  10 bats
  2 frilled lizards
  3 goblin skeletons (D:9)
  A goblin zombie (D:9)
  2 hobgoblin zombies (D:9)
  13 kobolds
  5 orc skeletons (D:9)
  14 orc zombies (D:9)
  9 rats
310 creatures vanquished.

Vanquished Creatures (collateral kills)
  A killer bee (D:10)
  An adder (D:3)
  A river rat (Sewer)
  An orc (D:3)
4 creatures vanquished.

Vanquished Creatures (others)
  A two-headed ogre (D:9)
  An orc wizard (D:10)
  An orc (D:10)
  9 toadstools (D:2)
12 creatures vanquished.

Grand Total: 326 creatures vanquished

Notes
Turn   | Place    | Note
-------+----------+-------------------------------------------
     0 | D:1      | Amnesiac the Deep Elf Wizard began the quest for the Orb.
     0 | D:1      | Reached XP level 1. HP: 10/10 MP: 7/7
   198 | D:3      | Noticed a worker ant
   278 | D:3      | Noticed a fire elemental
   280 | D:3      | Found a stormy altar of Qazlal.
   283 | D:3      | Noticed a water elemental
   283 | D:3      | Noticed an earth elemental
   283 | D:3      | Noticed an air elemental
   288 | D:3      | Reached XP level 2. HP: 15/15 MP: 6/9
   292 | D:3      | Learned a level 2 spell: Blink
   295 | D:3      | Learned a level 2 spell: Call Imp
   439 | D:3      | Found a glowing drain.
   457 | D:3      | Reached XP level 3. HP: 11/19 MP: 2/11
   464 | D:3      | Learned a level 3 spell: Conjure Flame
   468 | D:3      | Learned a level 3 spell: Mephitic Cloud
   476 | Sewer    | Entered a sewer
   668 | Sewer    | Noticed a big kobold
   746 | Sewer    | Killed a big kobold
   746 | Sewer    | Reached skill level 3 in Dodging
   746 | Sewer    | Reached XP level 4. HP: 15/24 MP: 0/12
   911 | Sewer    | Found a white marble altar of Elyvilon.
  1266 | D:3      | Noticed a moth of wrath
  1269 | D:3      | Found a bloodstained altar of Trog.
  1373 | D:4      | Noticed an ogre
  1388 | D:4      | Killed an ogre
  1388 | D:4      | Reached skill level 1 in Fighting
  1388 | D:4      | Reached skill level 4 in Dodging
  1388 | D:4      | Reached XP level 5. HP: 29/29 MP: 6/13
  1531 | D:4      | Found an iron altar of Okawaru.
  1533 | D:4      | Found an ornate altar of the Wu Jian Council.
  1705 | D:5      | Entered Level 5 of the Dungeon
  1705 | D:5      | Found Huna's General Store.
  1725 | D:5      | Bought a scroll of fear for 38 gold pieces
  1776 | D:4      | Reached skill level 5 in Dodging
  1776 | D:4      | Reached XP level 6. HP: 35/35 MP: 11/14
  1952 | D:4      | Found a staircase to the Ecumenical Temple.
  1967 | Temple   | Entered the Ecumenical Temple
  1973 | Temple   | Became a worshipper of Vehumet
  3130 | D:2      | Found a blossoming altar of Fedhas.
  3228 | D:2      | Noticed Robin
  3243 | D:2      | Killed Robin
  3259 | D:2      | Reached * piety under Vehumet
  3259 | D:2      | Offered knowledge of Freeze by Vehumet.
  3590 | D:2      | Noticed Terence
  3610 | D:2      | Killed Terence
  3903 | D:2      | Reached skill level 6 in Dodging
  4469 | D:3      | Reached XP level 7. HP: 40/40 MP: 11/15
  4826 | D:3      | Reached skill level 1 in Shields
  5508 | D:5      | Noticed Eustachio
  6131 | D:5      | Noticed Blork the orc
  6227 | D:5      | Killed Blork the orc
  6678 | D:4      | Killed Eustachio
  6678 | D:4      | Reached XP level 8. HP: 29/46 MP: 11/16
  6827 | D:5      | Reached skill level 5 in Conjurations
  6831 | D:5      | Reached skill level 7 in Dodging
  7222 | D:5      | Found a snail-covered altar of Cheibriados.
  7261 | D:5      | Gained mutation: You possess an exceptional clarity of
                  | mind. [potion of mutation]
  7261 | D:5      | Gained mutation: You are frail. (-10% HP) [potion of
                  | mutation]
  7261 | D:5      | Gained mutation: You passively map a small area around you.
                  | [potion of mutation]
  7261 | D:5      | Gained mutation: You expend magic power (3 MP) to
                  | strengthen your wands. [potion of mutation]
  7579 | D:5      | Reached skill level 8 in Dodging
  7843 | D:5      | Got a distressingly furry ring mail
  8312 | D:6      | Offered knowledge of Sandblast by Vehumet.
  8312 | D:6      | Reached skill level 9 in Dodging
  8332 | D:6      | Reached ** piety under Vehumet
  8613 | D:6      | Reached skill level 10 in Dodging
  8616 | D:6      | Noticed Menkaure
  9120 | D:6      | Killed Menkaure
  9120 | D:6      | Reached XP level 9. HP: 22/45 MP: 4/17
  9316 | D:6      | Found a shattered altar of Ashenzari.
  9526 | D:6      | Found a hazy altar of Hepliaklqana.
  9540 | D:6      | Found a hide-covered altar of Uskayaw.
  9566 | D:6      | Found a glowing silver altar of Zin.
  9706 | D:6      | Reached skill level 11 in Dodging
  9849 | D:6      | Noticed Grinder
  9875 | D:6      | Killed Grinder
 10097 | D:6      | Found a sacrificial altar of Ru.
 10303 | D:7      | Offered knowledge of Ignite Poison by Vehumet.
 10703 | D:7      | Reached *** piety under Vehumet
 10703 | D:7      | Reached skill level 1 in Evocations
 10962 | D:7      | Noticed Harold
 10964 | D:7      | Noticed Pikel
 11188 | D:7      | Got a brightly glowing ring mail
 11332 | D:7      | Found a runed translucent door.
 11334 | D:7      | Noticed Crazy Yiuf
 11340 | D:7      | Killed Crazy Yiuf
 11353 | D:7      | Identified the cursed +0 ring mail "Niki" {Dex+3} (You
                  | found it on level 5 of the Dungeon)
 11364 | D:7      | Identified the cursed +1 ring mail of Midsummer {Int+2}
                  | (You found it on level 7 of the Dungeon)
 11501 | D:7      | Killed Harold
 11501 | D:7      | Reached skill level 12 in Dodging
 11527 | D:7      | Killed Pikel
 11527 | D:7      | Reached skill level 5 in Fighting
 11527 | D:7      | Reached XP level 10. HP: 47/53 MP: 2/18
 12028 | D:8      | Offered knowledge of Dazzling Flash by Vehumet.
 12028 | D:8      | Reached skill level 13 in Dodging
 12345 | D:8      | Found a glowing golden altar of the Shining One.
 12404 | D:8      | Learned a level 2 spell: Passwall
 12410 | D:8      | Learned a level 5 spell: Lee's Rapid Deconstruction
 13565 | D:9      | Noticed a two-headed ogre
 13690 | D:9      | Killed a two-headed ogre
 14042 | D:9      | Found Qellock's Food Shoppe.
 14126 | D:9      | Reached skill level 1 in Earth Magic
 14139 | D:9      | Reached **** piety under Vehumet
 14493 | D:9      | Offered knowledge of Yara's Violent Unravelling by Vehumet.
 14577 | D:9      | Reached skill level 14 in Dodging
 14896 | D:9      | Found a staircase to the Orcish Mines.
 15319 | D:10     | Entered Level 10 of the Dungeon
 15671 | D:9      | Reached skill level 5 in Earth Magic
 15883 | D:10     | Reached skill level 5 in Spellcasting
 16213 | D:10     | You fall into a shaft and drop 1 floor!
 16417 | D:10     | Noticed Josephine
 16434 | D:10     | Killed Josephine
 16434 | D:10     | Reached XP level 11. HP: 54/57 MP: 2/22
 16439 | D:10     | Reached ***** piety under Vehumet
 16635 | D:10     | Found Nuetimaa's Book Boutique.
 17312 | D:11     | Noticed a deep elf mage
 17350 | D:11     | Killed a deep elf mage
 18039 | D:11     | Found a sparkling altar of Nemelex Xobeh.
 18064 | D:11     | Noticed a two-headed ogre
 18090 | D:11     | Offered knowledge of Iron Shot by Vehumet.
 18095 | D:11     | Killed a two-headed ogre
 18358 | D:11     | Slain by an elephant

Levels and vault maps discovered:
D:1:      lightli_arrival_maybe_door_vault, layout_basic
D:2:      cheibrodos_fertilizer, layout_loops_ring, overflow_temple_1_default,
          uniq_robin, uniq_terence
D:3:      layout_basic, tgw_trog, nicolae_qazlal_style_of_elements,
          first_ration, cheibrodos_sewer_entry_drain
D:4:      layout_basic, nicolae_overflow_hidden_temple,
          minmay_temple_entry_purple_smoke, okawaru_trees_1
D:5:      layout_gridville, kennysheep_mini_moat, serial_shops, shop,
          sword_in_stone
D:6:      layout_loops_ring, old_standard_altar,
          nicolae_overflow_quartered_altars, uniq_menkaure, uniq_grinder
D:7:      layout_rooms, uniq_crazy_yiuf_cottage, uniq_pikel, uniq_harold
D:8:      layout_loops_ring, lemuel_round_altar
D:9:      layout_rooms, zombieorc2_lemuel, serial_shops, shop, grunt_ogre_cave,
          minmay_misc_feat_cross
D:10:     layout_big_octagon, serial_shops, kennysheep_little_box,
          uniq_josephine
D:11:     layout_roguey, david_lair_generic, nemelex_altar_shiori
Temple:   eino_wide_crystal_templ

Skill      XL: |  1  2  3  4  5  6  7  8  9 10 11 |
---------------+----------------------------------+-----
Conjurations   | 2 3 4 5 |  5.0
Dodging        | 3 4 5 6 10 12 14 | 14.0
Stealth        | 3 |  3.0
Fighting       | 1 2 3 5 |  5.3
Shields        | 4 |  4.0
Evocations     | 3 |  3.0
Earth Magic    | 6 8 |  8.4
Spellcasting   | 6 7 |  7.2
Summonings     | |  1.1
Translocations | |  1.1

Action                   |  1- 3 |  4- 6 |  7- 9 | 10-12 || total
-------------------------+-------+-------+-------+-------++-------
Melee: Unarmed           |    21 |       |       |       ||    21
       Spear             |       |       |    12 |       ||    12
       Hand crossbow     |       |       |     1 |       ||     1
 Fire: Hand crossbow     |       |    60 |   102 |    58 ||   220
       Hunting sling     |       |    50 |    32 |   149 ||   231
Throw: Stone             |       |       |    12 |     1 ||    13
 Cast: Magic Dart        |    39 |   141 |   345 |   459 ||   984
       Call Imp          |     5 |     2 |     1 |     5 ||    13
       Mephitic Cloud    |     2 |     4 |    32 |    34 ||    72
       Blink             |     1 |       |     3 |     2 ||     6
       Conjure Flame     |       |       |    10 |    18 ||    28
Evoke: Wand              |       |       |     8 |    21 ||    29
  Use: Potion            |     2 |     2 |     6 |     2 ||    12
       Scroll            |     1 |     8 |     6 |     2 ||    17
  Eat: Chunk             |       |     8 |    16 |    13 ||    37
       Ration            |       |     1 |     2 |     3 ||     6
Armor: Robe              |     3 |    21 |    28 |    24 ||    76
Dodge: Dodged            |    20 |    69 |   138 |   269 ||   496
Block: Buckler           |       |       |    50 |    66 ||   116

Table legend:
 A = Non-vault XP
 B = Vault XP
 C = Vault XP percentage of total XP
 D = Non-vault monster count
 E = Vault monster count
 F = Vault count percentage of total count
                 A         B        C        D         E       F
            +---------+---------+-------+---------+---------+-------
      Total |    9179 |    5575 |  37.8 |     228 |      88 |  27.8
            +---------+---------+-------+---------+---------+-------
        D:1 |      31 |       0 |   0.0 |      17 |       0 |   0.0
        D:2 |      53 |     165 |  75.7 |      15 |      24 |  61.5
        D:3 |     258 |       5 |   1.9 |      23 |       3 |  11.5
        D:4 |     230 |     191 |  45.4 |      14 |       1 |   6.7
        D:5 |     694 |     343 |  33.1 |      25 |       4 |  13.8
        D:6 |    1303 |     455 |  25.9 |      31 |       2 |   6.1
        D:7 |     658 |    1623 |  71.2 |      22 |       3 |  12.0
        D:8 |     951 |     152 |  13.8 |      17 |       1 |   5.6
        D:9 |    1149 |     783 |  40.5 |      21 |      36 |  63.2
       D:10 |    1587 |    1644 |  50.9 |      30 |       4 |  11.8
       D:11 |    2265 |     103 |   4.3 |      13 |       1 |   7.1
      Sewer |       0 |     111 | 100.0 |       0 |       9 | 100.0
            +---------+---------+-------+---------+---------+-------
